 Dungeon Crawl Stone Soup version 0.30-a0-845-g7c6808c8ce (webtiles) character file.

Game seed: 10122108334727006942

98 jasper the Digger (level 4, -5/24 HPs)
             Began as a Deep Elf Earth Elementalist on Mar 2, 2023.
             Slain by Ijyb
             ... wielding a +5 club
              (7 damage)
             ... on level 3 of the Dungeon.
             The game lasted 00:03:35 (1654 turns).

jasper the Digger (Deep Elf Earth Elementalist)     Turns: 1654, Time: 00:03:35

Health: -5/24      AC:  2    Str:  5    XL:     4   Next: 44%
Magic:  4/12       EV: 13    Int: 22    God:
Gold:   123        SH:  0    Dex: 21    Spells: 6/12 levels left

rFire   . . .      SeeInvis .    f - staff of conjuration
rCold   . . .      Faith    .    (no shield)
rNeg    . . .      Spirit   .    a - +0 robe
rPois   .          Reflect  .    (no helmet)
rElec   .          Rampage  .    (no cloak)
rCorr   .                        (no gloves)
Will    .....                    (no boots)
Stlth   ++                       (no amulet)
HPRegen 0.24/turn                e - ring of flight
MPRegen 0.13/turn                g - +6 ring of dexterity

@: flying
A: no striking features
a: no special abilities


You were on level 3 of the Dungeon.
You visited 1 branch of the dungeon, and saw 3 of its levels.

You collected 123 gold pieces.

Inventory:

Hand Weapons
 h - a +0 flail of draining
 k - a +0 dagger of freezing
 m - a +2 dagger of flaming
Missiles
 c - 24 stones
 l - 5 poisoned darts
Armour
 a - a +0 robe (worn)
Magical Staves
 f - a staff of conjuration (weapon)
Jewellery
 e - a ring of flight (left hand)
 g - a +6 ring of dexterity (right hand)
Scrolls
 i - a scroll of fog
 o - 2 scrolls of identify
 q - a scroll of teleportation
 s - a scroll of amnesia {unknown}
Potions
 b - 2 potions of magic
 d - 2 potions of curing
 j - a potion of attraction
 n - a potion of degeneration
 p - a potion of might {unknown}
 r - a potion of invisibility {unknown}


   Skills:
 - Level 2.4 Dodging
 - Level 2.4 Stealth
 + Level 4.5 Spellcasting
 + Level 1.3 Conjurations
 - Level 1.1 Transmutations
 * Level 4.7 Earth Magic


You had 6 spell levels left.
You knew the following spells:

 Your Spells              Type           Power      Damage    Failure   Level
a - Sandblast             Erth           50%        2d12      1%          1
b - Passwall              Tmut/Erth      14%        N/A       4%          2
c - Stone Arrow           Conj/Erth      54%        3d10      9%          3

Your spell library contained the following spells:

 Spells                   Type           Power      Damage    Failure   Level
 Petrify                  Tmut/Erth      17%        N/A       32%         4


Dungeon Overview and Level Annotations

Branches:
Dungeon (3/15)

Altars:

Annotations:
D:3 Ijyb


Message History

Ijyb hits you with a +5 club.
You take 3 damage, and have 16/24 hp.
You now have 8/12 mp.
Aiming: Sandblast (safe; 1% risk of failure)
Press: ? - help, Q - select action, (/) - cycle Shift-Dir - straight line, f/p - Ijyb
Aim: Ijyb, wielding a +5 club, wearing a +0 ring mail and carrying a wand of flame (7) (moderately wounded, 81% to hit)
The blast of sand hits Ijyb.
Ijyb is moderately wounded.
Ijyb barely misses you. x2
Aiming: Sandblast (safe; 1% risk of failure)
Press: ? - help, Q - select action, (/) - cycle Shift-Dir - straight line, f/p - Ijyb
Aim: Ijyb, wielding a +5 club, wearing a +0 ring mail and carrying a wand of flame (7) (moderately wounded, 81% to hit)
The blast of sand hits Ijyb.
Ijyb is moderately wounded.
Ijyb closely misses you.
You now have 7/12 mp.
Aiming: Sandblast (safe; 1% risk of failure)
Press: ? - help, Q - select action, (/) - cycle Shift-Dir - straight line, f/p - Ijyb
Aim: Ijyb, wielding a +5 club, wearing a +0 ring mail and carrying a wand of flame (7) (moderately wounded, 81% to hit)
The blast of sand hits Ijyb.
Ijyb is heavily wounded.
Ijyb zaps a wand.
The puff of flame misses you.
Ijyb zaps a wand.
The puff of flame hits you.
You take 3 damage, and have 14/24 hp.
You now have 6/12 mp.
Aiming: Sandblast (safe; 1% risk of failure)
Press: ? - help, Q - select action, (/) - cycle Shift-Dir - straight line, f/p - Ijyb
Aim: Ijyb, wielding a +5 club, wearing a +0 ring mail and carrying a wand of flame (5) (heavily wounded, 81% to hit)
The blast of sand hits Ijyb!
Ijyb is almost dead.
Ijyb drinks a potion.
Ijyb is healed!
You now have 5/12 mp.
Aiming: Sandblast (safe; 1% risk of failure)
Press: ? - help, Q - select action, (/) - cycle Shift-Dir - straight line, f/p - Ijyb
Aim: Ijyb, wielding a +5 club, wearing a +0 ring mail and carrying a wand of flame (5) (lightly wounded, 81% to hit)
The blast of sand hits Ijyb but does no damage.
Ijyb is lightly wounded.
Ijyb zaps a wand.
The puff of flame hits you!
Ouch! That really hurt!
* * * LOW HITPOINT WARNING * * *
Ijyb hits you with a +5 club!
You die...

.... #.#. #...
... .. ### #.
...."#g#######
#......@.....#
##!......†.#.#
#.####.###.#.#
... #.#.# ####
#.#.# #.#.#
..#.# ###.#
##### #.#
#....


You could see Ijyb.

Vanquished Creatures
  2 adders
  3 gnolls (D:2)
  2 dart slugs (D:1)
  4 endoplasms
  2 giant cockroaches (D:2)
  5 goblins
  5 hobgoblins
  4 jackals (D:1)
  A kobold (D:1)
  2 quokkas
  4 ball pythons (D:1)
  4 bats
  4 frilled lizards
  4 rats
46 creatures vanquished.

Notes
Turn   | Place    | Note
-------+----------+-------------------------------------------
     0 | D:1      | jasper the Deep Elf Earth Elementalist began the quest for
                  | the Orb.
     0 | D:1      | Reached XP level 1. HP: 10/10 MP: 6/6
   161 | D:1      | Reached XP level 2. HP: 3/15 MP: 1/8
   217 | D:1      | Learned a level 2 spell: Passwall
   497 | D:1      | Reached XP level 3. HP: 8/19 MP: 2/10
   507 | D:1      | Learned a level 3 spell: Stone Arrow
   620 | D:1      | Found a faded altar of an unknown god.
  1048 | D:2      | Reached skill level 1 in Conjurations
  1048 | D:2      | Reached XP level 4. HP: 24/24 MP: 10/12
  1420 | D:2      | Identified a scroll of acquirement
  1420 | D:2      | Acquired a staff of conjuration
  1645 | D:3      | Noticed Ijyb
  1654 | D:3      | Slain by Ijyb

Illustrated notes

Levels and vault maps discovered:
D:1:      giann_wishing_wells, layout_basic,
          hellmonk_ecumenical_altar_arch_garden
D:2:      layout_basic
D:3:      layout_loops_ring, uniq_ijyb

Skill      XL: |  1  2  3 |
---------------+----------+-----
Spellcasting   | 4 |  4.5
Earth Magic    | 4 |  4.7
Conjurations   | 1 |  1.3
Dodging        | |  2.4
Stealth        | |  2.4
Transmutations | |  1.1

Action                     |  1- 3 |  4- 6 || total
---------------------------+-------+-------++-------
  Throw: Dart              |     3 |       ||     3
   Cast: Sandblast         |    47 |    24 ||    71
    Use: Scroll            |     6 |     6 ||    12
 Armour: Robe              |     2 |       ||     2
  Dodge: Dodged            |    12 |     5 ||    17

Table legend: (Time is in decaauts)
 A = Elapsed time spent in this place.
 B = Non-inter-level travel time spent in this place.
 C = Inter-level travel time spent in this place.
 D = Time resting spent in this place.
 E = Time spent auto-exploring this place.
 F = Levels seen in this place.
 G = Mean time per level.
                   A        B        C        D        E       F      G
               +--------+--------+--------+--------+--------+-----+--------+
         Total |   1686 |   1646 |     40 |    112 |   1183 |   3 |  562.0 |
       Dungeon |   1686 |   1646 |     40 |    112 |   1183 |   3 |  562.0 |
               +--------+--------+--------+--------+--------+-----+--------+

Top non-repeatable levels by time:
     D:1: 821 daAuts
     D:2: 670 daAuts
     D:3: 194 daAuts
